 Dungeon Crawl Stone Soup version 0.23-a0-644-gb60d84b (webtiles) character file.

655296 Azzok the Evocator (level 27, -17/267 HPs)
             Began as a Deep Dwarf Fighter on Jan 1, 2019.
             Was the Champion of Makhleb.
             Killed from afar by an orb of fire (40 damage)
             ... with a bolt of fire
             ... on level 5 of the Realm of Zot.
             The game lasted 02:50:23 (55381 turns).

Azzok the Evocator (Deep Dwarf Fighter)            Turns: 55381, Time: 02:50:23

Health: -17/267    AC: 28    Str: 41    XL:     27
Magic:  42/42      EV: 21    Int:  6    God:    Makhleb [******]
Gold:   4046       SH: 23    Dex: 12    Spells: 17/26 levels left

rFire    + . .     SeeInvis +   I - +9 broad axe (chop)
rCold    + + .     Gourm    .   x - +2 shield
rNeg     + . .     Faith    .   c - +1 chain mail of Pureawee {rC+ MP+9 Slay+3}
rPois    +         Spirit   .   O - +0 mask of the Dragon {MR+ Slay+3 SInv}
rElec    .         Reflect  +   G - +2 cloak {MR+}
rCorr    .         Harm     .   r - +0 pair of gloves "Wawuv" {rF+ Str+6 Int-5 Slay+2}
MR       +++++     Rnd*Rage +   R - +1 pair of boots of the Duchess {rC+ Str+4}
Stlth    ..........             L - +5 amulet of reflection
HPRegen  0.00/turn              w - ring of poison resistance
MPRegen  0.28/turn              H - +2 ring of slaying

@: about to teleport, non-regenerating
A: damage resistance, heal wounds, yellow scales 1, berserk 1, negative energy
resistance 1, sense surroundings 3, no regeneration
}: 3/15 runes: serpentine, barnacled, silver
a: Heal Wounds, Minor Destruction, Lesser Servant of Makhleb, Major Destruction,
Greater Servant of Makhleb, Renounce Religion


You were on level 5 of the Realm of Zot.
You worshipped Makhleb.
Makhleb was exalted by your worship.
You were hungry.

You visited 10 branches of the dungeon, and saw 52 of its levels.
You visited the Abyss 1 time.
You also visited: Trove and Gauntlet.

You collected 7848 gold pieces.
You spent 3802 gold pieces at shops.

Inventory:

Hand Weapons
 I - a +9 broad axe of chopping (weapon)
Missiles
 n - 6 throwing nets (quivered)
Armour
 c - the +1 chain mail of Pureawee (worn) {rC+ MP+9 Slay+3}
   (You found it on level 1 of the Vaults)

   It affects your accuracy and damage with ranged weapons and melee attacks
   (+3).
   It protects you from cold.
   It affects your magic capacity (+9).
 r - the +0 pair of gloves "Wawuv" (worn) {rF+ Str+6 Int-5 Slay+2}
   (You found it in a Gauntlet)

   It affects your strength (+6).
   It affects your intelligence (-5).
   It affects your accuracy and damage with ranged weapons and melee attacks
   (+2).
   It protects you from fire.
 x - a +2 shield (worn)
 G - a +2 cloak of magic resistance (worn)
 O - the +0 mask of the Dragon (worn) {MR+ Slay+3 SInv}
   (You found it on level 5 of the Vaults)

   It affects your accuracy and damage with ranged weapons and melee attacks
   (+3).
   It affects your resistance to hostile enchantments.
   It lets you see invisible.
 R - the +1 pair of boots of the Duchess (worn) {rC+ Str+4}
   (You bought it in a shop on level 4 of the Vaults)

   It affects your strength (+4).
   It protects you from cold.
Jewellery
 w - a ring of poison resistance (left hand)
 B - an uncursed ring of protection from cold
 H - a +2 ring of slaying (right hand)
 J - an uncursed ring of resist corrosion
 L - a +5 amulet of reflection (around neck)
Wands
 u - a wand of iceblast (28)
 N - a wand of digging (23)
 P - a wand of scattershot (5)
 Q - a wand of acid (34)
 T - a wand of paralysis (40)
 Y - a wand of clouds (10)
Scrolls
 b - 26 scrolls of teleportation
 e - 2 scrolls of summoning
 i - 7 scrolls of blinking
 o - a scroll of immolation
 v - 10 scrolls of enchant armour
 z - a scroll of holy word
 C - 7 scrolls of fear
 D - 34 scrolls of remove curse
 E - 4 scrolls of enchant weapon
 U - 4 scrolls of fog
 V - 27 scrolls of identify
 X - 4 scrolls of silence
 Z - 4 scrolls of magic mapping
Potions
 a - 13 potions of heal wounds
 d - 3 potions of might
 j - 11 potions of lignification
 k - 3 potions of cancellation
 l - 12 potions of haste
 m - a potion of resistance
 p - 11 potions of curing
 q - 9 potions of mutation {!q}
 s - 9 potions of berserk rage
 t - 8 potions of flight
 A - 2 potions of magic
 F - 9 potions of agility
 M - a potion of ambrosia
 W - 3 potions of invisibility
Miscellaneous
 h - a lamp of fire (inert)
 y - 4 sacks of spiders
 K - 2 boxes of beasts
 S - a lightning rod (1/4)
Comestibles
 f - 84 rations


   Skills:
 + Level 19.7 Fighting
 - Level 22.0(23.0) Axes
   Level 12.2(17.6) Maces & Flails
 - Level 5.0 Throwing
 + Level 22.3 Armour
 - Level 20.6 Dodging
 - Level 15.0 Shields
 - Level 10.0 Hexes
 + Level 10.0 Necromancy
 + Level 8.4 Transmutations
 + Level 9.5 Invocations
 - Level 23.0 Evocations


You had 17 spell levels left.
You knew the following spells:

 Your Spells              Type           Power        Failure   Level  Hunger
a - Confusing Touch       Hex            ##....       1%          1    ##.....
b - Necromutation         Tmut/Necr      ##........   100%        8    #######

Your spell library contained the following spells:

 Spells                   Type           Power        Failure   Level  Hunger
 Animate Skeleton         Necr           N/A          1%          1    ##.....
 Corona                   Hex            ##.....      1%          1    ##.....
 Pain                     Necr           ##..         1%          1    ##.....
 Corpse Rot               Necr           N/A          2%          2    ###....
 Slow                     Hex            ##......     2%          2    ###....
 Sublimation of Blood     Necr           ##........   2%          2    ###....
 Beastly Appendage        Tmut           ##....       3%          1    ##.....
 Sticks to Snakes         Tmut           ##......     4%          2    ###....
 Confuse                  Hex            ##......     4%          3    ####...
 Tukima's Dance           Hex            ##......     4%          3    ####...
 Vampiric Draining        Necr           ##........   4%          3    ####...
 Animate Dead             Necr           N/A          16%         4    #####..
 Cause Fear               Hex            ##........   16%         4    #####..
 Ensorcelled Hibernation  Hex/Ice        #.....       19%         2    ###....
 Passwall                 Tmut/Erth      #.......     26%         2    ###....
 Dazzling Spray           Conj/Hex       #.....       36%         3    ####...
 Inner Flame              Hex/Fire       #.......     36%         3    ####...
 Portal Projectile        Hex/Tloc       #.....       36%         3    ####...
 Spectral Weapon          Hex/Chrm       #.......     36%         3    ####...
 Summon Guardian Golem    Hex/Summ       #.......     36%         3    ####...
 Agony                    Necr           ##......     41%         5    ######.
 Dispel Undead            Necr           ##......     41%         5    ######.
 Spider Form              Tmut/Pois      #.........   45%         3    ####...
 Yara's Violent Unravell  Hex/Tmut       ##........   52%         5    ######.
 Blade Hands              Tmut           ##........   63%         5    ######.
 Flame Tongue             Conj/Fire      #....        67%         1    ##.....
 Freeze                   Ice            #...         67%         1    ##.....
 Infusion                 Chrm           #...         67%         1    ##.....
 Magic Dart               Conj           #...         67%         1    ##.....
 Sandblast                Erth           #.....       67%         1    ##.....
 Shock                    Conj/Air       #...         67%         1    ##.....
 Sting                    Conj/Pois      #...         67%         1    ##.....
 Summon Butterflies       Summ           #.......     67%         1    ##.....
 Summon Small Mammal      Summ           #...         67%         1    ##.....
 Ignite Poison            Fire/Tmut/Pois #.......     67%         3    ####...
 Leda's Liquefaction      Hex/Erth       #.........   77%         4    #####..
 Blink                    Tloc           N/A          82%         2    ###....
 Call Imp                 Summ           #.......     82%         2    ###....
 Poisonous Vapours        Pois/Air       #.....       82%         2    ###....
 Shroud of Golubria       Chrm/Tloc      #.........   82%         2    ###....
 Song of Slaying          Chrm           #.......     82%         2    ###....
 Swiftness                Chrm/Air       #.......     82%         2    ###....
 Throw Flame              Conj/Fire      #.....       82%         2    ###....
 Throw Frost              Conj/Ice       #.....       82%         2    ###....
 Ice Form                 Ice/Tmut       #.......     86%         4    #####..
 Petrify                  Tmut/Erth      #.......     86%         4    #####..
 Darkness                 Hex            ##........   94%         6    #######
 Death Channel            Necr           ##........   94%         6    #######
 Call Canine Familiar     Summ           #.......     96%         3    ####...
 Conjure Flame            Conj/Fire      #.......     96%         3    ####...
 Gell's Gravitas          Tloc           #.........   96%         3    ####...
 Mephitic Cloud           Conj/Pois/Air  #.......     96%         3    ####...
 Ozocubu's Armour         Chrm/Ice       #.......     96%         3    ####...
 Static Discharge         Conj/Air       #.......     96%         3    ####...
 Stone Arrow              Conj/Erth      #.....       96%         3    ####...
 Bolt of Draining         Conj/Necr      #.........   98%         5    ######.
 Borgnjor's Vile Clutch   Necr/Erth      #.........   98%         5    ######.
 Excruciating Wounds      Chrm/Necr      #.........   98%         5    ######.
 Metabolic Englaciation   Hex/Ice        #.........   98%         5    ######.
 Silence                  Hex/Air        #.........   98%         5    ######.
 Alistair's Intoxication  Tmut/Pois      #.......     99%         5    ######.
 Irradiate                Conj/Tmut      #.........   99%         5    ######.
 Airstrike                Air            #.........   100%        4    #####..
 Sticky Flame             Conj/Fire      #.......     100%        4    #####..
 Summon Ice Beast         Ice/Summ       #.......     100%        4    #####..
 Summon Lightning Spire   Summ/Air       #.......     100%        4    #####..
 Throw Icicle             Conj/Ice       #.......     100%        4    #####..
 Bolt of Magma            Conj/Fire/Erth #.........   100%        5    ######.
 Fireball                 Conj/Fire      #.........   100%        5    ######.
 Iskenderun's Battlesphe  Conj/Chrm      #.......     100%        5    ######.
 Lee's Rapid Deconstruct  Erth           #.........   100%        5    ######.
 Lightning Bolt           Conj/Air       #.........   100%        5    ######.
 Venom Bolt               Conj/Pois      #.........   100%        5    ######.
 Bolt of Cold             Conj/Ice       #.........   100%        6    #######
 Bolt of Fire             Conj/Fire      #.........   100%        6    #######
 Deflect Missiles         Chrm/Air       #.........   100%        6    #######
 Freezing Cloud           Conj/Ice/Air   #.........   100%        6    #######
 Iron Shot                Conj/Erth      #.........   100%        6    #######
 Ozocubu's Refrigeration  Ice            #.........   100%        6    #######
 Poison Arrow             Conj/Pois      #.........   100%        6    #######
 Shadow Creatures         Summ           N/A          100%        6    #######
 Simulacrum               Ice/Necr       #.........   100%        6    #######
 Dragon Form              Tmut           ##........   100%        7    #######
 Malign Gateway           Summ/Tloc      #.........   100%        7    #######
 Orb of Destruction       Conj           #.........   100%        7    #######
 Ring of Flames           Chrm/Fire      #.........   100%        7    #######
 Spellforged Servitor     Conj/Summ      #.........   100%        7    #######
 Chain Lightning          Conj/Air       #.........   100%        8    #######
 Discord                  Hex            ##........   100%        8    #######
 Lehudib's Crystal Spear  Conj/Erth      #.........   100%        8    #######
 Dragon's Call            Summ           #.........   100%        9    #######
 Fire Storm               Conj/Fire      #.........   100%        9    #######
 Glaciate                 Conj/Ice       #.........   100%        9    #######
 Tornado                  Air            #.........   100%        9    #######
 Regeneration             Chrm/Necr      Unusable     N/A         3    N/A

Dungeon Overview and Level Annotations

Branches:
Dungeon (15/15)            Temple (0/1) D:4            Lair (6/6) D:8
 Shoals (4/4) Lair:4        Snake (4/4) Lair:4        Slime (0/5) Lair:5
    Orc (2/2) D:9             Elf (3/3) Orc:2        Vaults (5/5) D:14
  Crypt (3/3) Vaults:3       Tomb (0/3) Crypt:3      Depths (5/5) D:15
    Zot (5/5) Depths:5

Altars:
Fedhas
Gozag
Kikubaaqudgha
Makhleb
Nemelex Xobeh
Okawaru
Ru
Vehumet
Xom
Beogh

Shops:
D:6 !   D:12 *[   D:14 *   Orc:2 }[*[!   Elf:1 !   Shoals:2 }   Snake:1 *
Snake:4 *   Vaults:1 =   Vaults:2 *   Vaults:3 (   Vaults:4 %([*   Vaults:5 }

Portals:
Hell: Depths:1 Depths:2 Depths:3 Depths:4 Depths:5
Abyss: Depths:4
Pandemonium: Depths:3 Depths:4 Depths:5
Ziggurat: Depths:1

Annotations:
D:8 exclusion: statue
D:9 exclusion: obsidian statue
D:12 3 runed doors
Snake:4 2 transporters, Wosoitawn's ghost, adept DESu
Vaults:1 3 runed doors, Jufi's ghost, veteran HuFi
Vaults:2 3 runed doors, exclusion: obsidian statue, feelmyfire's ghost, adept GrWr
Depths:1 1 runed door, exclusions: shining eye and 1 more exclusion, Yket's ghost, veteran GrBe


Innate Abilities, Weirdness & Mutations

You are resistant to damage.
You can heal yourself by infusing magical energy.
You resist negative energy. (rN+)
You passively map a large area around you.
You do not regenerate.
You are partially covered in yellow scales. (AC +2)
You tend to lose your temper in combat.


Message History

The orb of fire completely resists.
The Orb Guardian closely misses your cacodemon.
The Orb Guardian is no longer berserk.
The Orb Guardian is engulfed in blazing flames.
The orb of fire glows deep purple.
The fireball explodes!
The fireball engulfs you! You resist.
* * * LOW HITPOINT WARNING * * *
The ancient lich is engulfed in blazing flames.
Your cacodemon completely misses the orb of fire.
Your cacodemon hits the orb of fire but does no damage.
The red draconian is engulfed in blazing flames.
The orb of fire glows yellow.
The bolt of fire hits your cacodemon.
Your cacodemon dies!
The bolt of fire misses you.
The Orb Guardian is engulfed in blazing flames.
The purple draconian is engulfed in blazing flames.
The orb of fire glows red.
The bolt of fire hits you! You resist.
You die...

▒·····▒▒▒▒▒····▒▒▒···▒▒
▒··········))·········▒
▒▒▒▒▒······)··········▒
▒▒·····▒···▒·····▒▒
▒·····▒<··▒·····▒
▒▒▒···▒▒▒▒▒···▒▒▒
▒▒▒▒▒▒▒·▒▒▒▒▒▒▒▒▓▓▓ ░░
░ ░···········X···▒ ░◦
▒·······^··X·@▒▒ ◦ ◦ ◦
▒·········^···▒ ◦ ◦ ◦ ◦
▒▒·······d***▒▒ ░ ◦ ◦
◦◦ ░ ▒·······§LX*▒ ◦ ◦◦
◦ ░▒^·····§§XdL▒▒ ░ ◦ ◦
◦ ◦ ▒······§§§§dLX▒ ◦
◦◦◦ ◦ ▒·····§§§§§§X1▒▒
░ ◦ ░░ ◦
··^·§§§§§§2X·▒▒ ◦◦ ◦ ◦
▒▒▒▒▒▒▒▒▒▒▒·X·▒▒▒ ◦


You could see 4 orbs of fire, 2 tentacled monstrosities, 3 ancient liches, 2
draconians, a red draconian, 3 Orb Guardians and a hellion.

Vanquished Creatures
  2 juggernauts
  2 ancient liches
  Margery (Depths:2)
  Saint Roka (Snake:4)
  A caustic shrike (Depths:3)
  Nikola (Snake:4)
  A bone dragon (Crypt:3)
  8 golden dragons
  2 electric golems
  15 tentacled monstrosities
  9 liches
  3 titans (Vaults:5)
  2 deep elf master archers (Elf:3)
  4 quicksilver dragons
  8 Orb Guardians (Zot:5)
  3 deep elf blademasters
  2 death cobs
  7 sphinxes
  2 ancient champions (Crypt:2)
  12 shadow dragons
  14 storm dragons
  7 tengu reavers
  6 draconian monks
  10 fire giants
  9 nagarajas
  13 vault wardens
  7 deep elf sorcerers
  An iron dragon (Vaults:5)
  A ghost moth (Zot:4)
  9 draconian knights
  Louise (Shoals:4)
  9 frost giants
  An orc warlord (Orc:1)
  2 curse skulls
  8 draconian scorchers
  2 ghouls (Crypt:2)
  8 draconian shifters
  8 deep elf elementalists
  A spriggan defender (Depths:4)
  4 draconian stormcallers (Depths:5)
  11 draconian annihilators
  24 very ugly things
  5 war gargoyles
  15 ironheart preservers
  An ophan (Abyss:2)
  4 entropy weavers
  Nessos (D:13)
  24 stone giants
  13 green draconians
  10 vampire knights
  19 black draconians
  8 deep elf demonologists
  7 purple draconians
  8 yellow draconians
  A minotaur (Gauntlet)
  10 red draconians
  6 deep elf annihilators
  10 ettins
  3 merfolk javelineers (Shoals:4)
  4 crystal guardians
  An eidolon (Crypt:1)
  15 white draconians
  Snorg (Lair:6)
  13 deep elf death magi
  12 fire dragons
  5 merfolk impalers (Shoals:4)
  8 jiangshi
  10 great orbs of eyes
  8 deep elf high priests
  12 yaktaur captains
  Erolcha (D:11)
  34 vault guards
  8 rakshasas
  A quicksilver dragon zombie (Crypt:2)
  13 ice dragons
  7 hydras
  4 spriggan air magi
  5 anacondas
  17 naga warriors
  8 death knights
  25 ogre magi
  2 catoblepae
  5 alligator snapping turtles
  4 merfolk aquamancers
  4 merfolk avatars
  A satyr (shapeshifter) (Vaults:4)
  8 centaur warriors
  71 two-headed ogres
  26 dancing weapons
  8 tengu warriors
  3 deep troll earth magi
  A satyr (Shoals:2)
  9 death yaks
  7 deep troll shamans
  5 shock serpents
  8 spriggan berserkers
  4 vampire magi
  A thrashing horror (Abyss:2)
  2 titan zombies (Crypt:3)
  27 hell knights
  2 wretched stars (Abyss:2)
  22 deep elf knights
  8 naga sharpshooters
  5 sea snakes
  24 skeletal warriors
  2 titan skeletons
  3 iron trolls (Depths:5)
  16 deep trolls
  5 unseen horrors
  A salamander mystic (Depths:5)
  4 glowing orange brains
  10 flayed ghosts
  3 shadow wraiths
  2 storm dragon skeletons
  16 phantasmal warriors
  A glowing orange brain (shapeshifter) (Depths:3)
  3 wizards
  5 naga ritualists
  A golden dragon skeleton (Crypt:1)
  22 ironbrand convokers
  Pikel (D:8)
  14 deep elf archers
  An orb spider (shapeshifter) (D:15)
  An iron dragon zombie (Crypt:1)
  A kraken simulacrum (Shoals:4)
  10 orc knights
  A wolf spider zombie (D:15)
  A mana viper (shapeshifter) (D:15)
  3 orc sorcerers
  5 mana vipers
  19 harpies
  A fire giant zombie (Crypt:3)
  A sphinx zombie (Depths:1)
  54 deep elf magi
  24 necromancers
  A shining eye (shapeshifter) (Vaults:1)
  4 wolf spiders
  7 fauns
  3 frost giant zombies
  A human zombie (Vaults:3)
  A shadow dragon skeleton (Crypt:3)
  A worldbinder (Abyss:2)
  A sphinx skeleton (Vaults:3)
  49 ugly things
  A tengu skeleton (Depths:2)
  13 cyclopes
  26 moths of wrath
  45 slime creatures
  9 salamanders
  A salamander (shapeshifter) (Depths:5)
  13 manticores
  A frost giant skeleton (Crypt:3)
  A fire giant skeleton (Depths:2)
  5 large abominations (Abyss:2)
  5 elephants (Lair:4)
  A stone giant skeleton (Crypt:1)
  Joseph (D:8)
  3 guardian serpents
  17 naga magi
  A smoke demon (Abyss:2)
  7 merfolk sirens
  A spriggan zombie (Depths:1)
  A water nymph (shapeshifter) (Elf:3)
  A water nymph (Shoals:4)
  A shock serpent zombie (Crypt:1)
  An alligator snapping turtle zombie (Crypt:1)
  An apocalypse crab (Gauntlet)
  Maurice (D:8)
  Psyche (D:9)
  8 vault sentinels
  22 black mambas
  8 spiny frogs
  3 gargoyles
  A human skeleton (Vaults:3)
  A torpor snail (shapeshifter) (Vaults:5)
  A torpor snail (Lair:2)
  50 yaktaurs
  A green draconian zombie (Crypt:1)
  A grey draconian skeleton (Crypt:2)
  A yaktaur zombie (Depths:1)
  2 efreet (D:15)
  3 rime drakes
  6 komodo dragons
  A kobold demonologist (D:12)
  A hydra zombie (Abyss:2)
  13 freezing wraiths
  A troll (shapeshifter) (D:12)
  14 merfolk
  4 queen bees (shapeshifter)
  4 tengu conjurers
  9 wind drakes
  13 trolls
  2 spriggan skeletons (Depths:1)
  2 ancient zymes (Abyss:2)
  A catoblepas skeleton (Crypt:1)
  A jumping spider (Vaults:3)
  A polar bear (shapeshifter) (Vaults:3)
  A jumping spider (shapeshifter) (Vaults:5)
  A meliai (shapeshifter) (Vaults:1)
  A wind drake (shapeshifter) (Depths:3)
  3 polar bears (Lair:6)
  A raiju (shapeshifter) (Vaults:2)
  A wolf spider simulacrum (Crypt:1)
  17 blink frogs
  An iron troll skeleton (Crypt:2)
  2 harpy skeletons
  16 hornets
  2 hornets (shapeshifter)
  A bog body (Crypt:2)
  A fire giant simulacrum (Depths:1)
  A tengu simulacrum (Depths:1)
  A raiju (Gauntlet)
  8 hippogriffs
  A fire dragon zombie (Abyss:2)
  A jumping spider zombie (Crypt:1)
  10 snapping turtles
  16 dream sheep
  A stone giant simulacrum (Depths:2)
  An ice dragon skeleton (Depths:1)
  2 ettin zombies
  46 flying skulls
  2 fire dragon skeletons
  A black mamba zombie (Crypt:1)
  An ettin skeleton (Crypt:3)
  30 spriggans
  A shadow (D:12)
  8 wraiths
  2 air elementals
  A ynoxinul (Abyss:2)
  47 yaks
  A tarantella (shapeshifter) (Vaults:4)
  7 wyverns
  10 humans (D:14)
  3 basilisks
  20 water elementals
  3 fire elementals
  A golden eye (shapeshifter) (Vaults:2)
  4 hungry ghosts
  A steam dragon (Lair:4)
  4 vampire mosquitoes (D:12)
  A yaktaur simulacrum (Vaults:1)
  2 human simulacra
  9 wargs
  56 nagas
  4 hell hounds (Abyss:2)
  2 acid dragons
  An insubstantial wisp (Abyss:2)
  19 water moccasins
  9 porcupines
  30 orc warriors
  2 elf zombies
  2 ice beasts
  5 sky beasts
  3 slaves (D:8)
  2 eyes of draining
  A phantom (D:4)
  5 black bears
  A spriggan simulacrum (Depths:2)
  A black mamba simulacrum (Abyss:2)
  An eye of draining (shapeshifter) (Depths:1)
  56 ogres
  8 necrophages
  5 small abominations
  39 wolves
  16 centaurs
  A dream sheep skeleton (Crypt:1)
  27 boggarts
  A snapping turtle skeleton (Crypt:3)
  10 crocodiles
  A rime drake zombie (Crypt:1)
  7 big kobolds
  A rime drake skeleton (Crypt:2)
  17 bullfrogs
  A wyvern zombie (D:11)
  A komodo dragon skeleton (Crypt:2)
  An earth elemental (Elf:1)
  3 glowing shapeshifter simulacra
  2 gnoll sergeants
  2 wyvern skeletons
  4 scorpions
  A warg zombie (Crypt:2)
  9 killer bees
  A yak skeleton (Crypt:1)
  5 wights (Crypt:2)
  7 howler monkeys
  3 electric eels
  A centaur zombie (D:12)
  8 crimson imps
  A wolf skeleton (Crypt:1)
  A quasit (D:8)
  8 centaur skeletons
  5 hounds
  6 jellies
  29 orc priests
  3 bullfrog skeletons
  23 orc wizards
  2 iguanas
  A black bear skeleton (Crypt:1)
  An iguana (shapeshifter) (Vaults:5)
  7 worker ants
  A lightning spire (Gauntlet)
  Terence (D:3)
  A centaur simulacrum (Crypt:1)
  A worker ant zombie (D:5)
  12 gnolls
  15 adders
  A steam dragon zombie (Crypt:2)
  4 shadow imps
  A white imp (Depths:4)
  An ufetubus (Abyss:2)
  5 oozes
  4 worms (D:2)
  6 leopard geckos
  104 orcs
  3 ball pythons
  7 giant cockroaches
  7 goblins
  10 hobgoblins
  13 jackals
  22 kobolds
  6 quokkas
  11 bats
  8 frilled lizards
  A kobold skeleton (Crypt:3)
  A kobold zombie (Abyss:2)
  5 rats
  5 crawling corpses
  9 plants
2517 creatures vanquished.

Vanquished Creatures (collateral kills)
  A merfolk impaler (Shoals:4)
  A death yak (Lair:6)
2 creatures vanquished.

Vanquished Creatures (others)
  A shadow dragon (Vaults:5)
  A nagaraja (Snake:4)
  A draconian knight (Zot:3)
  2 ironheart preservers
  A stone giant (Vaults:5)
  A white draconian (Zot:1)
  A yaktaur captain (Vaults:5)
  A centaur warrior (Depths:1)
  A hell knight (Depths:4)
  An unseen horror (D:15)
  A skeletal warrior (Crypt:3)
  2 necromancers
  A slime creature (D:10)
  A moth of wrath (Zot:3)
  A spiny frog (Lair:5)
  A yaktaur (Depths:4)
  2 dream sheep (Lair:5)
  A human (D:14)
  A hungry ghost (D:10)
  2 nagas
  A porcupine (Lair:5)
  A water moccasin (Lair:5)
  An ogre (shapeshifter) (Vaults:5)
  A statue (D:8)
  An orc (Vaults:1)
  19 fungi
  11 plants
  4 tentacles (Shoals:4)
63 creatures vanquished.

Grand Total: 2582 creatures vanquished

Notes
Turn   | Place    | Note
-------+----------+-------------------------------------------
     0 | D:1      | Azzok the Deep Dwarf Fighter began the quest for the Orb.
     0 | D:1      | Reached XP level 1. HP: 20/20 MP: 1/1
   136 | D:1      | Reached XP level 2. HP: 27/27 MP: 2/2
   741 | D:2      | Reached XP level 3. HP: 31/34 MP: 3/3
   769 | D:2      | Found a burning altar of Makhleb.
   783 | D:2      | Became a worshipper of Makhleb the Destroyer
  1244 | D:2      | Found a faded altar of an unknown god.
  1405 | D:2      | HP: 1/34 [worm (4)]
  1437 | D:2      | Reached XP level 4. HP: 20/42 MP: 4/4
  1813 | D:3      | Noticed Terence
  1825 | D:3      | Killed Terence
  1901 | D:3      | HP: 1/43 [orc priest/nerve-wracking pain (9)]
  1902 | D:3      | Reached * piety under Makhleb
  1902 | D:3      | Reached skill level 5 in Axes
  1902 | D:3      | Reached XP level 5. HP: 30/50 MP: 4/4
  1979 | D:3      | Found a sacrificial altar of Ru.
  2041 | D:3      | Reached XP level 6. HP: 17/57 MP: 5/5
  2420 | D:4      | Found a staircase to the Ecumenical Temple.
  2475 | D:4      | Reached skill level 1 in Evocations
  2668 | D:4      | Reached XP level 7. HP: 23/66 MP: 6/6
  2712 | D:4      | You fall through a shaft for 3 floors!
  2730 | D:7      | Reached skill level 2 in Evocations
  2807 | D:6      | Found Libliucw's Distillery.
  2815 | D:6      | Bought a potion of degeneration for 15 gold pieces
  2816 | D:6      | Bought a potion of ambrosia for 120 gold pieces
  2816 | D:6      | Bought a potion of ambrosia for 120 gold pieces
  2915 | D:5      | Entered Level 5 of the Dungeon
  2915 | D:5      | Found an opulent altar of Gozag.
  3066 | D:4      | Reached skill level 3 in Evocations
  3089 | D:4      | Reached skill level 5 in Fighting
  3586 | D:5      | Reached ** piety under Makhleb
  3671 | D:5      | Reached skill level 4 in Evocations
  3712 | D:5      | Found a blossoming altar of Fedhas.
  3743 | D:5      | Reached XP level 8. HP: 69/74 MP: 9/9
  3955 | D:6      | Found a sparkling altar of Nemelex Xobeh.
  4206 | D:6      | Reached skill level 5 in Evocations
  4710 | D:7      | Found an iron altar of Okawaru.
  4921 | D:7      | Reached skill level 6 in Evocations
  5100 | D:8      | Noticed a two-headed ogre
  5105 | D:8      | Killed a two-headed ogre
  5105 | D:8      | Reached skill level 10 in Axes
  5105 | D:8      | Reached skill level 8 in Evocations
  5105 | D:8      | Gained mutation: You passively map the area around you.
                  | [Deep Dwarf growth]
  5105 | D:8      | Reached XP level 9. HP: 70/81 MP: 10/13
  5187 | D:8      | Reached skill level 9 in Evocations
  5223 | D:8      | Noticed Pikel
  5235 | D:8      | Killed Pikel
  5235 | D:8      | Reached skill level 10 in Evocations
  5297 | D:8      | Noticed Maurice
  5314 | D:8      | Killed Maurice
  5348 | D:8      | Noticed Joseph
  5361 | D:8      | Killed Joseph
  5365 | D:8      | Found a radiant altar of Vehumet.
  5377 | D:8      | Noticed a two-headed ogre
  5386 | D:8      | Reached XP level 10. HP: 62/88 MP: 15/15
  5397 | D:8      | Killed a two-headed ogre
  5411 | D:8      | Reached *** piety under Makhleb
  5413 | D:8      | Reached skill level 11 in Evocations
  5440 | D:8      | Reached skill level 5 in Maces & Flails
  5539 | D:8      | Found a staircase to the Lair.
  5846 | D:8      | Noticed a three-headed hydra
  5851 | D:8      | Killed a one-headed hydra
  5851 | D:8      | Reached skill level 12 in Evocations
  6097 | D:9      | You fall through a shaft!
  6097 | D:10     | Entered Level 10 of the Dungeon
  6380 | D:10     | Reached **** piety under Makhleb
  6419 | D:10     | Reached XP level 11. HP: 85/94 MP: 18/18
  6449 | D:10     | Paralysed by fainting for 12 turns
  6461 | D:10     | Paralysed by fainting for 10 turns
  6828 | D:9      | Noticed an obsidian statue
  6851 | D:9      | Noticed Psyche
  6861 | D:9      | Killed Psyche
  6908 | D:9      | Found a staircase to the Orcish Mines.
  7796 | Lair:1   | Entered Level 1 of the Lair of Beasts
  7810 | Lair:1   | Noticed a four-headed hydra
  7821 | Lair:1   | Killed a one-headed hydra
  7821 | Lair:1   | Reached skill level 13 in Evocations
  7934 | Lair:1   | Reached skill level 10 in Maces & Flails
  8733 | Lair:2   | Reached ***** piety under Makhleb
  8737 | Lair:2   | Reached skill level 14 in Evocations
  9053 | Lair:2   | Reached XP level 12. HP: 102/102 MP: 20/20
  9977 | Lair:3   | Noticed a six-headed hydra
  9996 | Lair:3   | Killed a one-headed hydra
 10264 | Lair:4   | Reached skill level 15 in Evocations
 10385 | Lair:4   | Found a staircase to the Shoals.
 10402 | Lair:4   | Reached skill level 1 in Dodging
 10432 | Lair:4   | Noticed a death yak
 10435 | Lair:4   | Noticed a death yak
 10457 | Lair:4   | Killed a death yak
 10567 | Lair:4   | Noticed a death yak
 10567 | Lair:4   | Noticed a death yak
 10591 | Lair:4   | Killed a death yak
 10596 | Lair:4   | Killed a death yak
 10603 | Lair:4   | Killed a death yak
 10762 | Lair:4   | Noticed an eight-headed hydra
 10775 | Lair:4   | Killed a five-headed hydra
 10775 | Lair:4   | Reached skill level 15 in Axes
 10775 | Lair:4   | Reached XP level 13. HP: 35/111 MP: 21/21
 11082 | Lair:4   | Reached skill level 5 in Armour
 11082 | Lair:4   | Reached skill level 5 in Shields
 11290 | Lair:4   | Found a staircase to the Snake Pit.
 11635 | Lair:5   | Found a gate leading to a gauntlet.
 11674 | Gauntlet | Entered a Gauntlet
 11674 | Gauntlet | Found a transporter.
 11677 | Gauntlet | Found a transporter.
 11679 | Gauntlet | Found a transporter.
 11681 | Gauntlet | Found a transporter.
 11684 | Gauntlet | Found a transporter.
 11687 | Gauntlet | Found a transporter.
 11693 | Gauntlet | Found a transporter.
 11695 | Gauntlet | Found a transporter.
 11721 | Gauntlet | Found a transporter.
 11727 | Gauntlet | Found a transporter.
 11729 | Gauntlet | Found a transporter.
 11731 | Gauntlet | Found a runed gate.
 11731 | Gauntlet | Found a runed gate.
 11731 | Gauntlet | Found a runed gate.
 11739 | Gauntlet | Found a transporter.
 11832 | Gauntlet | Got a pair of encrusted gloves
 11863 | Gauntlet | Got a jewelled helmet
 11879 | Gauntlet | Noticed a minotaur
 11896 | Gauntlet | Killed a minotaur
 11907 | Gauntlet | Identified Wygiech's Guide on Hurtful Summoning
 11908 | Gauntlet | Got a steaming copper ring
 11909 | Gauntlet | Got a shimmering trident
 12144 | Lair:5   | Reached skill level 5 in Dodging
 12232 | Lair:5   | Found a staircase to the Slime Pits.
 12836 | Lair:5   | Reached skill level 1 in Throwing
 12892 | Lair:6   | Entered Level 6 of the Lair of Beasts
 12973 | Lair:6   | Reached ****** piety under Makhleb
 13182 | Lair:6   | Noticed Snorg
 13193 | Lair:6   | Killed Snorg
 13193 | Lair:6   | Gained mutation: You resist negative energy. (rN+) [Deep
                  | Dwarf growth]
 13193 | Lair:6   | Reached XP level 14. HP: 123/123 MP: 21/21
 13223 | Lair:6   | Identified the +2 helmet of the Sun {rC+ Dex+3} (You found
                  | it in a Gauntlet)
 13229 | Lair:6   | Identified the +0 pair of gloves "Wawuv" {rF+ Str+6 Int-5
                  | Slay+2} (You found it in a Gauntlet)
 13240 | Lair:6   | Identified the ring "Vupuhie" {+Inv Int+5 Dex-4 Stlth-}
                  | (You found it in a Gauntlet)
 13242 | Lair:6   | Identified the +7 trident "Nuampat" {venom, rElec rC+++
                  | Dex-5} (You found it in a Gauntlet)
 14111 | Orc:1    | Entered Level 1 of the Orcish Mines
 14366 | Orc:1    | Noticed an orc warlord
 14399 | Orc:1    | Killed an orc warlord
 14575 | Orc:2    | Entered Level 2 of the Orcish Mines
 14575 | Orc:2    | Found Zenuin's Gadget Emporium.
 14857 | Orc:2    | HP: 5/126 [ogre mage/crystal spear (50)]
 14974 | Orc:2    | Found a staircase to the Elven Halls.
 15047 | Orc:2    | Found a roughly hewn altar of Beogh.
 15187 | Orc:2    | Found Taadghe's Antique Armour Emporium.
 15192 | Orc:2    | Found Qonlurr's Distillery.
 15193 | Orc:2    | Found Gajoskoh's General Store.
 15203 | Orc:2    | Found Suwom's Antique Armour Shoppe.
 15362 | Orc:2    | Bought a potion of heal wounds for 90 gold pieces
 15362 | Orc:2    | Bought a wand of disintegration (13) for 306 gold pieces
 15362 | Orc:2    | Bought a wand of paralysis (6) for 144 gold pieces
 15368 | Orc:2    | Bought a potion of berserk rage for 75 gold pieces
 15368 | Orc:2    | Bought a potion of agility for 60 gold pieces
 15368 | Orc:2    | Bought a potion of haste for 150 gold pieces
 15368 | Orc:2    | Bought a potion of agility for 60 gold pieces
 15368 | Orc:2    | Bought a potion of agility for 60 gold pieces
 15425 | Orc:2    | Bought a wand of paralysis (7) for 99 gold pieces
 15425 | Orc:2    | Bought a wand of disintegration (21) for 275 gold pieces
 15425 | Orc:2    | Bought a wand of acid (14) for 396 gold pieces
 15543 | D:11     | Noticed Erolcha
 15565 | D:11     | Killed Erolcha
 15565 | D:11     | Reached XP level 15. HP: 134/134 MP: 21/21
 15870 | D:11     | Found a portal to a secret trove of treasure.
 15899 | D:11     | Reached skill level 5 in Throwing
 16521 | D:12     | Found Bamuwein's Armour Shoppe.
 16747 | D:12     | Found Cigeuju's Assorted Antiques.
 16761 | D:12     | Bought a scroll of identify for 70 gold pieces
 17032 | D:12     | Found a runed gate.
 17032 | D:12     | Found a runed gate.
 17033 | D:12     | Found a runed gate.
 17682 | D:13     | Noticed Nessos
 17700 | D:13     | Killed Nessos
 17983 | D:14     | Found a shimmering altar of Xom.
 17983 | D:14     | Found a shimmering altar of Xom.
 17991 | D:14     | Found a shimmering altar of Xom.
 17992 | D:14     | Found a shimmering altar of Xom.
 18055 | D:14     | Reached skill level 10 in Shields
 18254 | D:14     | Found Gesseraq's Assorted Antiques.
 18262 | D:14     | Bought a scroll of teleportation for 87 gold pieces
 18262 | D:14     | Bought a potion of heal wounds for 145 gold pieces
 18262 | D:14     | Bought a scroll of identify for 58 gold pieces
 18288 | D:14     | Reached skill level 10 in Armour
 18322 | D:14     | Found a gate to the Vaults.
 18541 | D:15     | Entered Level 15 of the Dungeon
 19224 | D:15     | Found a staircase to the Depths.
 19562 | Snake:1  | Entered Level 1 of the Snake Pit
 19952 | D:11     | You paid a toll of +3 shadow dragon scales to enter a
                  | treasure trove
 19953 | Trove    | Entered a treasure trove
 20264 | Snake:1  | You fall through a shaft!
 20299 | Snake:2  | Reached skill level 16 in Evocations
 20301 | Snake:2  | Reached XP level 16. HP: 146/146 MP: 21/23
 20497 | Snake:2  | Reached skill level 10 in Dodging
 20541 | Snake:2  | Reached skill level 10 in Fighting
 21731 | Snake:3  | Reached skill level 17 in Evocations
 22190 | Snake:4  | Entered Level 4 of the Snake Pit
 22271 | Snake:4  | Found Tifyisma's Mass Market.
 22348 | Snake:4  | Noticed Wosoitawn's ghost (adept DESu)
 22489 | Snake:4  | Found a transporter.
 22552 | Snake:4  | Found a transporter.
 22558 | Snake:4  | Noticed Saint Roka
 22576 | Snake:4  | Killed Saint Roka
 22945 | Snake:4  | Reached skill level 18 in Evocations
 23208 | Snake:1  | Reached XP level 17. HP: 156/156 MP: 25/25
 23642 | Snake:1  | Found Rich's General Store.
 23647 | Snake:1  | Bought a scroll of magic mapping for 35 gold pieces
 24381 | Shoals:1 | Entered Level 1 of the Shoals
 24861 | Shoals:1 | Gained mutation: You passively map a large area around you.
                  | [Deep Dwarf growth]
 24861 | Shoals:1 | Reached XP level 18. HP: 145/165 MP: 26/26
 25297 | Shoals:2 | Found Ezopsuikh's Gadget Shop.
 26490 | Shoals:4 | Entered Level 4 of the Shoals
 26669 | Shoals:4 | Reached skill level 19 in Evocations
 26949 | Shoals:4 | Noticed Louise
 26958 | Shoals:4 | Killed Louise
 27536 | Shoals:4 | Got a barnacled rune of Zot
 27670 | Shoals:4 | Identified the Reference Book on Bewitchment and the
                  | Mountains
 28038 | Vaults:1 | Entered Level 1 of the Vaults
 28195 | Vaults:1 | Reached XP level 19. HP: 168/175 MP: 27/27
 28450 | Vaults:1 | Identified the +1 chain mail of Pureawee {rC+ MP+9 Slay+3}
                  | (You found it on level 1 of the Vaults)
 28529 | Vaults:1 | Noticed a Tzitzimitl
 28637 | Vaults:1 | Reached skill level 20 in Evocations
 28763 | Vaults:1 | Found Elestring's Jewellery Emporium.
 28771 | Vaults:1 | Bought an uncursed ring of poison resistance for 240 gold
                  | pieces
 28786 | Vaults:1 | Found a runed gate.
 28786 | Vaults:1 | Found a runed gate.
 28786 | Vaults:1 | Found a runed gate.
 28787 | Vaults:1 | Noticed Jufi's ghost (veteran HuFi)
 28787 | Vaults:1 | Identified the +5 plate armour of the Monk {rC+ Stlth+}
 28787 | Vaults:1 | Identified the +8 large shield of the Townfolk {rF+ rN+}
 30147 | Snake:4  | Noticed Nikola
 30158 | Snake:4  | Killed Nikola
 30401 | Snake:4  | Got a serpentine rune of Zot
 30979 | Vaults:1 | Found a roughly hewn altar of Beogh.
 31277 | Vaults:2 | Reached skill level 21 in Evocations
 31910 | Vaults:2 | Found a runed gate.
 31911 | Vaults:2 | Found an opulent altar of Gozag.
 31911 | Vaults:2 | Found Kimang's Assorted Antiques.
 31911 | Vaults:2 | Noticed feelmyfire's ghost (adept GrWr)
 31912 | Vaults:2 | Found a runed gate.
 31912 | Vaults:2 | Found a runed gate.
 31976 | Vaults:2 | Reached XP level 20. HP: 178/186 MP: 29/29
 32663 | Vaults:3 | Identified the cursed +1 chain mail of Eternal Vigilance
                  | {rF+ SInv Stlth-} (You found it on level 3 of the Vaults)
 32827 | Vaults:3 | Found a staircase to the Crypt.
 33098 | Vaults:3 | Reached skill level 22 in Evocations
 33211 | Vaults:3 | Found Tuqem's Antique Weapon Boutique.
 33275 | Vaults:3 | You fall through a shaft!
 33535 | Vaults:4 | Found Qiohi's General Store.
 33541 | Vaults:4 | Found Uxapu's Antique Armour Emporium.
 33558 | Vaults:4 | Bought a scroll of fear for 70 gold pieces
 33558 | Vaults:4 | Bought a +3 amulet of reflection for 314 gold pieces
 33567 | Vaults:4 | Found Ypnuwib's Antique Weapon Shop.
 34125 | Vaults:4 | Bought a pair of heavily runed boots for 351 gold pieces
 34125 | Vaults:4 | Identified the +1 pair of boots of the Duchess {rC+ Str+4}
                  | (You bought it in a shop on level 4 of the Vaults)
 34318 | Vaults:4 | Reached skill level 15 in Armour
 34361 | Vaults:4 | Reached XP level 21. HP: 195/195 MP: 31/31
 34914 | Vaults:4 | Reached skill level 15 in Dodging
 34926 | Vaults:4 | Found Ijiarocw's Food Shoppe.
 35365 | Elf:1    | Entered Level 1 of the Elven Halls
 35522 | Elf:1    | Found Ymeidum's Distillery.
 35543 | Elf:1    | Bought a potion of heal wounds for 70 gold pieces
 35543 | Elf:1    | Bought a potion of heal wounds for 70 gold pieces
 35543 | Elf:1    | Bought a potion of haste for 140 gold pieces
 36127 | Elf:1    | Learned a level 1 spell: Confusing Touch
 36350 | Elf:2    | Found a huge runed gate.
 36350 | Elf:2    | Found a huge runed gate.
 36350 | Elf:2    | Found a huge runed gate.
 36351 | Elf:2    | Found a huge runed gate.
 36361 | Elf:2    | Found a huge runed gate.
 37007 | Elf:2    | Cast into level 2 of the Abyss (+4 hand axe of distortion)
 37008 | Abyss:2  | Found a corrupted altar of Lugonu.
 37012 | Abyss:2  | Found a corrupted altar of Lugonu.
 37194 | Abyss:2  | Reached skill level 23 in Evocations
 37299 | Elf:2    | Escaped the Abyss
 37791 | Elf:3    | Entered Level 3 of the Elven Halls
 38509 | Elf:3    | Reached XP level 22. HP: 207/207 MP: 32/32
 38812 | Elf:3    | Found the +9 staff of Olgreb {rPois}
 38819 | Elf:3    | Found the +8 arc blade {discharge, rElec}
 38825 | Elf:3    | Found the +5 pair of quick blades "Gyre" and "Gimble"
                  | {pierce, Dex-3}
 38835 | Elf:3    | Identified the Almanac of the Volcano
 38871 | Elf:3    | Identified the Guide on Aerial Unholy Magic
 38875 | Elf:3    | Got a heavily runed graven amulet
 38876 | Elf:3    | Identified the amulet "Coybio" {+Rage +Fly} (You found it
                  | on level 3 of the Elven Halls)
 39503 | Vaults:4 | Bought a glowing broad axe for 182 gold pieces
 39744 | Depths:1 | Entered Level 1 of the Depths
 40042 | Depths:1 | Found a runed door.
 40049 | Depths:1 | Noticed Yket's ghost (veteran GrBe)
 40123 | Depths:1 | Found a gateway to a ziggurat.
 40127 | Depths:1 | Paralysed by a floating eye for 2 turns
 40132 | Depths:1 | Paralysed by a floating eye for 2 turns
 40180 | Depths:1 | Paralysed by a floating eye for 4 turns
 40192 | Depths:1 | Paralysed by a floating eye for 3 turns
 40200 | Depths:1 | Paralysed by a floating eye for 4 turns
 40266 | Depths:1 | Reached skill level 15 in Fighting
 40291 | Depths:1 | Found a gateway to Hell.
 40830 | Depths:2 | Noticed Margery
 40855 | Depths:2 | Killed Margery
 41261 | Depths:2 | Reached XP level 23. HP: 218/218 MP: 33/33
 42572 | Shoals:4 | Identified the +8 halberd "Ineu" {venom, rC++}
 43501 | Depths:3 | Got a glittering bronze ring
 43502 | Depths:3 | Identified the ring "Qijeuru" {+Blink MP+9} (You found it
                  | on level 3 of the Depths)
 43580 | Depths:3 | Found a one-way gate leading to the halls of Pandemonium.
 43797 | Depths:3 | Noticed a caustic shrike
 43798 | Depths:3 | Found the +8 longbow "Zephyr" {speed, Dex+3 SInv}
 43856 | Depths:3 | Noticed a juggernaut
 43868 | Depths:3 | Killed a juggernaut
 45002 | Depths:3 | Identified the +5 war axe of Qostoy {pain, rElec Stlth+}
 45030 | Depths:3 | Reached skill level 1 in Hexes
 45268 | Depths:3 | Noticed an ancient lich
 45285 | Depths:3 | Killed an ancient lich
 45289 | Depths:3 | Killed a caustic shrike
 45887 | Depths:4 | Reached XP level 24. HP: 230/230 MP: 33/33
 45978 | Depths:4 | Noticed a juggernaut
 45999 | Depths:4 | Killed a juggernaut
 46097 | Depths:4 | Found a one-way gate to the infinite horrors of the Abyss.
 46766 | Depths:5 | Entered Level 5 of the Depths
 46984 | Depths:5 | Reached skill level 15 in Shields
 47051 | Depths:5 | Reached skill level 5 in Hexes
 47128 | Depths:5 | Found a gate to the Realm of Zot.
 47870 | Vaults:5 | Entered Level 5 of the Vaults
 47919 | Vaults:4 | Reached XP level 25. HP: 241/241 MP: 33/33
 48060 | Vaults:5 | Found Nyecsut's Gadget Shoppe.
 48061 | Vaults:5 | Found the +0 mask of the Dragon {MR+ Slay+3 SInv}
 48113 | Vaults:5 | Identified the cursed +1 short sword of Lathrosch {pierce,
                  | Fragile rN+ MR+ MP+9}
 48327 | Vaults:5 | Identified the Volume of Conjuration and Air
 49180 | Vaults:5 | Got a silver rune of Zot
 49267 | Vaults:5 | Identified the +6 whip of the Demagogue {freeze, Str+2
                  | Dex+4}
 49425 | Crypt:1  | Entered Level 1 of the Crypt
 49495 | Crypt:1  | Found a magical portal.
 50522 | Crypt:2  | Reached XP level 26. HP: 245/253 MP: 33/33
 50883 | Crypt:3  | Entered Level 3 of the Crypt
 51019 | Crypt:3  | Noticed an ancient lich
 51023 | Crypt:3  | Killed an ancient lich
 51156 | Crypt:3  | Found an ancient bone altar of Kikubaaqudgha.
 51194 | Crypt:3  | Found the +6 arbalest "Damnation" {damnation}
 51330 | Crypt:3  | Found a staircase to the Tomb.
 51565 | Crypt:3  | Identified Kuacruno's Handbook of Evil Magic
 51636 | Crypt:3  | Learned a level 8 spell: Necromutation
 52024 | Zot:1    | Entered Level 1 of the Realm of Zot
 52102 | Zot:1    | Reached skill level 1 in Necromancy
 52176 | Zot:1    | Reached skill level 1 in Transmutations
 52218 | Zot:1    | Reached skill level 10 in Hexes
 52611 | Zot:2    | Reached skill level 5 in Necromancy
 53280 | Zot:2    | Reached skill level 5 in Transmutations
 53430 | Zot:3    | Reached XP level 27. HP: 207/264 MP: 33/33
 54908 | Zot:5    | Entered Level 5 of the Realm of Zot
 55356 | Zot:5    | Noticed an ancient lich
 55356 | Zot:5    | Noticed an orb of fire
 55359 | Zot:5    | Reached skill level 10 in Necromancy
 55360 | Zot:5    | Noticed an orb of fire
 55361 | Zot:5    | Noticed an orb of fire
 55363 | Zot:5    | Noticed an ancient lich
 55364 | Zot:5    | Noticed an ancient lich
 55364 | Zot:5    | Noticed an ancient lich
 55371 | Zot:5    | Gained mutation: You tend to lose your temper in combat.
                  | [an orb of fire]
 55371 | Zot:5    | Noticed an ancient lich
 55372 | Zot:5    | Noticed an orb of fire
 55376 | Zot:5    | Gained mutation: You are partially covered in yellow
                  | scales. (AC +2) [an orb of fire]
 55381 | Zot:5    | Killed from afar by an orb of fire

Vault maps used:
D:1:      dpeg_arrival_rooms_b, minmay_misc_feat_nine_boxes,
          minmay_misc_feat_hallway, minivault_26, minmay_crystal_water
D:2:      lemuel_doored_altar, chequers_ecumenical_altar_island
D:3:      overflow_temple_1_default, uniq_terence
D:4:      minmay_temple_entry_glass, first_ration, minivault_26
D:5:      lemuel_round_altar, fedhas_altar_2
D:6:      old_standard_altar, serial_shops, nicolae_shop_waterfront,
          kennysheep_generic_room_14
D:7:      kennysheep_mini
D:8:      vehumet_statue, grunt_lair_entry_orc_guard_hut, hangedman_ranch,
          minmay_manual_mail, uniq_joseph, uniq_maurice, uniq_pikel
D:9:      orc_0_dummy, minivault_16, hangedman_decor_clover_reticule,
          uniq_psyche
D:11:     dragon1_lemuel, enter_trove_5, uniq_erolcha
D:12:     ploomutoo_gammafunk_ghost_potion_laboratory, serial_shops, shop_coins,
          kennysheep_little_box
D:13:     uniq_nessos
D:14:     ximxim_vaults_locker_room, serial_shops, nicolae_shop_trees,
          kennysheep_boxes, xom_redecorated
D:15:     hangedman_depths_entry_try_elsewhere_first
Lair:1:   grunt_forest_small_clearings
Lair:3:   grunt_megastairs_4
Lair:4:   kb_forest_paths, minmay_shoals_entry_beasts,
          kennysheep_catoblepas_arena
Lair:5:   nicolae_slime_entry_slimehenge, gauntlet_entry_generic
Lair:6:   minmay_lair_end_enchanted_forest, grunt_megastairs_3, uniq_snorg
Shoals:2: serial_shops, shop, hangedman_shoals_cup_caves
Shoals:4: shoals_end_grunt_ice, nicolae_shoals_hunting_party, uniq_louise
Snake:1:  minmay_snake_river, serial_shops, shop
Snake:2:  nicolae_snake_hallway, serial_bayou_shore_b, lemuel_fruit_tree
Snake:4:  minmay_snake_end_coiled, gammafunk_ghost_berserking_beasts,
          minmay_shop_mass, grunt_ministairs_12, uniq_nikola, uniq_saint_roka
Orc:2:    st_orc_open, serial_shops, nicolae_shop_crystal, minmay_orc_temple_a
Elf:1:    serial_shops, shop_statue, kennysheep_underground_church
Elf:3:    minmay_elf_hall_curves
Vaults:1: biasface_vaults_ghost_orc_armoury, v_rooms_4, nicolae_vaults_asterisk,
          grunt_vaults_hallway_short, nicolae_vaults_arrows,
          ontoclasm_vaults_tryst, v_alt_pattern_1, vaults_room_large_hall,
          vaults_mumra_lcd, vaults_mumra_minichess_inversion,
          vaults_room_fancy_cross, nicolae_vaults_quartermaster,
          vaults_room_stairs_pillars, serial_shops, shop
Vaults:2: ebering_vaults_ghost_gozag, v_alt_pattern_1, v_misc_18,
          grunt_vaults_hallway_short, vaults_room_grid,
          ontoclasm_vaults_shuriken, ontoclasm_vaults_ring_large,
          grunt_vaults_focal, hangedman_vaults_cutoff, v_misc_19,
          grunt_vaults_swirl, nicolae_vaults_little_squares_5, v_misc_10,
          ontoclasm_vaults_ring_square, vaults_room_stairs_pillars,
          grunt_vaults_bifocal
Vaults:3: nicolae_vaults_little_squares_6, vaults_dpeg_doors,
          nicolae_vaults_puzzle_piece, minmay_crypt_entry_simple_plaza,
          v_misc_11, v_misc_14, v_misc_28, hangedman_vaults_restitches,
          nicolae_vaults_little_squares_3, hangedman_vaults_nodes,
          nicolae_vaults_network_periphery, nicolae_vaults_murderbox, v_misc_19,
          v_misc_22, serial_shops, shop_fountains
Vaults:4: nicolae_vaults_windows_and_doors_thing,
          hangedman_vaults_hard_town_square, v_alt_pattern_6,
          vaults_dpeg_encased_lava, vaults_room_door_ring, v_misc_15, v_misc_22,
          ontoclasm_vaults_pinch, hangedman_vaults_capsules,
          vaults_room_mumra_shop_pool, nicolae_vaults_little_squares_2,
          vaults_room_large_hall, ontoclasm_vaults_fault,
          vaults_room_ringed_pool, vaults_standard_mumra_x, v_pattern_2,
          serial_shops, nicolae_shop_window_shopping, nicolae_shop_trees,
          nicolae_shop_trees
Crypt:1:  infiniplex_enter_wizlab_glasses, serial_sigils,
          serial_sigils_hangedman_shear, serial_sigils_hangedman_gnaw,
          serial_sigils_hangedman_carve, serial_sigils_hangedman_shear,
          serial_sigils_hangedman_stare, serial_sigils_hangedman_snap
Crypt:3:  cryptofortress_bobbens
Depths:1: enter_ziggurat_c, kennysheep_decorative_pillar,
          ebering_ghost_reflecting_pool, pf_coc_iceberg, wad_scary_box
Depths:2: evilmike_cross, grunt_metal_band, minmay_misc_feat_iff,
          hangedman_decor_riveting, serial_bayou_shore_b, serial_bayou_shore_a
Depths:3: hangedman_pleasuredromes, hell_entry, pan_entry
Depths:4: grunt_deathspiral_small, grunt_hell_entry_dis_old, abyss_entry,
          grunt_decor_one_mirror, rand_demon_pan_entry_7,
          serial_sigils_hangedman_snap, minmay_misc_feat_rugged,
          wad_floor_pattern_untrapped
Depths:5: evilmike_zot_entry_argh, pan_entry, hell_entry, grunt_megastairs_5
Zot:1:    st_stairs_1
Zot:2:    nicolae_zot_stationary_front, stair_cage_line
Zot:4:    lemuel_elevator
Trove:    trove_misc_throne_room
Gauntlet: minmay_gauntlet_mixed_oops_all_seconds

Skill      XL: |  1  2  3  4  5  6  7  8  9 10 11 12 13 14 15 16 17 18 19 20 21 22 23 24 25 26 27 |
---------------+----------------------------------------------------------------------------------+-----
Axes           | 3 4 5 6 8 10 11 12 13 15 16 17 18 19 20 21 22 | 22.0
Fighting       | 3 4 5 7 8 9 10 11 12 13 14 15 16 17 18 19 | 19.7
Evocations     | 1 4 8 10 12 14 15 16 18 19 21 22 23 | 23.0
Maces & Flails | 3 8 11 12 | 12.2
Dodging        | 3 6 7 9 11 12 13 14 15 17 18 19 20 | 20.6
Armour         | 4 7 8 10 11 12 14 15 16 17 18 19 20 21 22 | 22.3
Shields        | 4 7 8 10 11 12 13 14 15 | 15.0
Throwing       | 2 4 5 |  5.0
Invocations    | 6 9 |  9.5
Hexes          | 2 5 8 10 | 10.0
Necromancy     | 6 10 | 10.0
Transmutations | 5 8 |  8.4

Action                   |  1- 3 |  4- 6 |  7- 9 | 10-12 | 13-15 | 16-18 | 19-21 | 22-24 | 25-27 || total
-------------------------+-------+-------+-------+-------+-------+-------+-------+-------+-------++-------
Melee: War axe           |   145 |    51 |   235 |   615 |    20 |       |       |       |       ||  1066
       Mace              |       |   116 |    65 |       |       |       |       |       |       ||   181
       Falchion          |       |       |       |    23 |    19 |       |       |       |       ||    42
       Broad axe         |       |       |       |   171 |  1510 |    93 |       |   666 |  1447 ||  3887
       Short sword       |       |       |       |       |    10 |       |       |       |       ||    10
       Trident           |       |       |       |       |    19 |       |       |       |       ||    19
       Scimitar          |       |       |       |       |     7 |       |       |       |       ||     7
       Battleaxe         |       |       |       |       |       |  1042 |  1647 |   810 |       ||  3499
Throw: Javelin           |       |       |     9 |    12 |    23 |     1 |       |       |       ||    45
       Throwing net      |       |       |       |       |       |     5 |       |       |       ||     5
 Cast: Confusing Touch   |       |       |       |       |       |       |       |       |    13 ||    13
Invok: Greater Servant o |       |       |       |       |       |       |       |       |     1 ||     1
 Abil: Heal Wounds       |     1 |     3 |       |     5 |     7 |     1 |     3 |     1 |       ||    21
Evoke: Wand              |       |       |     2 |    21 |    22 |    12 |    10 |    18 |     3 ||    88
       Lightning rod     |       |       |       |       |     9 |    10 |    12 |     9 |     5 ||    45
       Lamp of fire      |       |       |       |       |       |     3 |     5 |     4 |     3 ||    15
       Phial of floods   |       |       |       |       |       |     1 |       |       |       ||     1
  Use: Scroll            |       |       |    11 |     8 |    13 |     5 |     8 |     9 |     9 ||    63
       Potion            |       |       |     1 |     5 |     5 |     3 |     3 |     7 |     2 ||    26
 Stab: Paralysed         |       |       |       |       |    16 |       |     5 |     3 |       ||    24
       Invisible         |       |       |       |       |     2 |       |       |       |       ||     2
       Petrified         |       |       |       |       |     5 |       |       |       |       ||     5
       Held in net/web   |       |       |       |       |       |     7 |       |       |       ||     7
       Distracted        |       |       |       |       |       |       |     1 |     1 |       ||     2
       Confused          |       |       |       |       |       |       |       |     1 |    13 ||    14
  Eat: Chunk             |     2 |     4 |     6 |    21 |    30 |    16 |    26 |    18 |    16 ||   139
       Ration            |       |       |     1 |       |     2 |     5 |     2 |     6 |     2 ||    18
Armor: Scale mail        |    86 |    30 |    10 |       |       |       |       |       |       ||   126
       Chain mail        |       |    56 |   116 |   160 |       |       |   478 |   512 |   321 ||  1643
       Storm dragon scal |       |       |       |   180 |   511 |   484 |    98 |       |       ||  1273
Dodge: Dodged            |    45 |    38 |    57 |   176 |   613 |   928 |  1157 |   834 |   634 ||  4482
Block: Shield            |    77 |    74 |   134 |   376 |   951 |    76 |       |   473 |  1317 ||  3478
       Other             |       |       |       |       |       |       |    60 |    82 |       ||   142
       Reflection        |       |       |       |       |       |       |     4 |    20 |    38 ||    62
       Rpst.: Falchion   |       |       |       |     1 |     1 |       |       |       |       ||     2

Table legend:
 A = Non-vault XP
 B = Vault XP
 C = Vault XP percentage of total XP
 D = Non-vault monster count
 E = Vault monster count
 F = Vault count percentage of total count
                 A         B        C        D         E       F
            +---------+---------+-------+---------+---------+-------
      Total |  856594 |  743444 |  46.5 |    1618 |     906 |  35.9
            +---------+---------+-------+---------+---------+-------
        D:1 |      39 |       0 |   0.0 |      24 |       0 |   0.0
        D:2 |      75 |       0 |   0.0 |      22 |       0 |   0.0
        D:3 |     363 |      32 |   8.1 |      40 |       1 |   2.4
        D:4 |     468 |       0 |   0.0 |      11 |       0 |   0.0
        D:5 |     236 |       0 |   0.0 |      13 |       0 |   0.0
        D:6 |     348 |      41 |  10.5 |      12 |       1 |   7.7
        D:7 |     505 |       0 |   0.0 |       9 |       0 |   0.0
        D:8 |    2947 |    4948 |  62.7 |      29 |      21 |  42.0
        D:9 |    1720 |     434 |  20.1 |      30 |       1 |   3.2
       D:10 |    2205 |       0 |   0.0 |      37 |       0 |   0.0
       D:11 |    4716 |    3119 |  39.8 |      28 |       3 |   9.7
       D:12 |    7741 |       0 |   0.0 |      62 |       0 |   0.0
       D:13 |    6534 |    1372 |  17.4 |      39 |       1 |   2.5
       D:14 |    9141 |    2931 |  24.3 |      28 |      11 |  28.2
       D:15 |   11559 |    2616 |  18.5 |      32 |       4 |  11.1
     Lair:1 |    3527 |       0 |   0.0 |      14 |       0 |   0.0
     Lair:2 |    5053 |       0 |   0.0 |      28 |       0 |   0.0
     Lair:3 |    4464 |       0 |   0.0 |      18 |       0 |   0.0
     Lair:4 |   13735 |    6834 |  33.2 |      41 |      26 |  38.8
     Lair:5 |    5791 |     106 |   1.8 |      21 |       5 |  19.2
     Lair:6 |    7756 |   12371 |  61.5 |      27 |      58 |  68.2
   Shoals:1 |    5485 |       0 |   0.0 |      16 |       0 |   0.0
   Shoals:2 |   13629 |    5309 |  28.0 |      27 |      12 |  30.8
   Shoals:3 |    4307 |       0 |   0.0 |      10 |       0 |   0.0
   Shoals:4 |    8368 |   28282 |  77.2 |      16 |      41 |  71.9
    Snake:1 |    9239 |    4034 |  30.4 |      19 |      14 |  42.4
    Snake:2 |    8304 |    6912 |  45.4 |      13 |      16 |  55.2
    Snake:3 |   20173 |       0 |   0.0 |      37 |       0 |   0.0
    Snake:4 |   13130 |   35949 |  73.2 |      20 |      59 |  74.7
      Orc:1 |    7524 |       0 |   0.0 |      49 |       0 |   0.0
      Orc:2 |    1553 |   15784 |  91.0 |      22 |      44 |  66.7
      Elf:1 |   16533 |    4092 |  19.8 |      25 |       6 |  19.4
      Elf:2 |   13324 |   24045 |  64.3 |      20 |      29 |  59.2
      Elf:3 |   15896 |   37339 |  70.1 |      26 |      26 |  50.0
   Vaults:1 |   29760 |   25094 |  45.7 |      52 |      47 |  47.5
   Vaults:2 |   24186 |   18384 |  43.2 |      38 |      22 |  36.7
   Vaults:3 |   29384 |   24727 |  45.7 |      52 |      39 |  42.9
   Vaults:4 |   41732 |   60197 |  59.1 |      61 |      62 |  50.4
   Vaults:5 |   21933 |  101623 |  82.2 |      31 |      66 |  68.0
    Crypt:1 |   23529 |       0 |   0.0 |      51 |       0 |   0.0
    Crypt:2 |   28319 |       0 |   0.0 |      39 |       0 |   0.0
    Crypt:3 |       0 |   65468 | 100.0 |       0 |      92 | 100.0
   Depths:1 |   28950 |       0 |   0.0 |      53 |       0 |   0.0
   Depths:2 |   60961 |   21953 |  26.5 |      80 |      19 |  19.2
   Depths:3 |    2650 |  112306 |  97.7 |      10 |      90 |  90.0
   Depths:4 |   38554 |   54889 |  58.7 |      45 |      54 |  54.5
   Depths:5 |   48951 |   20056 |  29.1 |      47 |      13 |  21.7
      Zot:1 |   51862 |    6823 |  11.6 |      37 |       3 |   7.5
      Zot:2 |   30505 |   11001 |  26.5 |      23 |       8 |  25.8
      Zot:3 |   83727 |       0 |   0.0 |      62 |       0 |   0.0
      Zot:4 |   55450 |       0 |   0.0 |      33 |       0 |   0.0
      Zot:5 |   18959 |   22418 |  54.2 |       9 |       8 |  47.1
    Abyss:2 |   10794 |       0 |   0.0 |      30 |       0 |   0.0
   Gauntlet |       0 |    1955 | 100.0 |       0 |       4 | 100.0
            +---------+---------+-------+---------+---------+-------
